 Dungeon Crawl Stone Soup version 0.27.1-1-g398f81649c (webtiles) character file.

Game seed: 17891751501497061737

1152 Rickety the Covert (level 8, 0/37 HPs)
             Began as a Spriggan Enchanter on Sept 20, 2021.
             Was an Initiate of Dithmenos.
             Slain by an iguana (9 damage)
             ... on level 6 of the Dungeon.
             The game lasted 00:12:58 (6662 turns).

Rickety the Covert (Spriggan Enchanter)             Turns: 6662, Time: 00:12:59

Health: 0/37       AC:  3    Str:  2 (4)  XL:     8   Next: 16%
Magic:  0/16       EV: 18    Int: 13 (16) God:    Dithmenos [......]
Gold:   253        SH:  0    Dex: 16 (18) Spells: 4/16 levels left

rFire    . . .     SeeInvis +   t - +2 dagger (speed)
rCold    . . .     Faith    .   (shield restricted)
rNeg     . . .     Spirit   .   b - +0 robe
rPois    .         Reflect  .   (helmet restricted)
rElec    .         Harm     .   j - +0 cloak
rCorr    .         Rampage  .   (gloves unavailable)
Will     ++...                  (boots unavailable)
Stlth    +++++.....             (no amulet)
HPRegen  0.12/turn              n - ring of willpower
MPRegen  0.15/turn              (no ring)

@: very quick
A: very small, no large weapons, unfitting armour, see invisible, speed 3
a: Renounce Religion


You were on level 6 of the Dungeon.
You worshipped Dithmenos.
Dithmenos was noncommittal.
You visited 2 branches of the dungeon, and saw 7 of its levels.

You collected 253 gold pieces.

Inventory:

Hand Weapons
 a - a +1 dagger
 t - a +2 dagger of speed (weapon)
Missiles
 k - 7 poisoned darts (quivered)
 m - 6 curare-tipped darts
Armour
 b - a +0 robe (worn)
 j - a +0 cloak (worn)
Magical Staves
 d - a staff of poison
Jewellery
 n - a ring of willpower (left hand)
Scrolls
 c - a scroll of blinking {unknown}
 f - a scroll of enchant weapon {unknown}
 h - 3 scrolls of teleportation {unknown}
 i - a scroll of fear {unknown}
 l - 5 scrolls of identify {unknown}
 p - a scroll of vulnerability {unknown}
 r - 3 scrolls of fog {unknown}
 s - a scroll of amnesia {unknown}
Potions
 e - a potion of degeneration
 g - a potion of might {unknown}
 o - a potion of curing {unknown}
 q - a potion of lignification {unknown}
 u - a potion of heal wounds


   Skills:
 + Level 0.7 Fighting
 + Level 2.6 Short Blades
 - Level 2.0 Throwing
 + Level 4.0 Dodging
 * Level 10.8 Stealth
 + Level 4.7 Spellcasting
 + Level 5.6 Hexes
 - Level 0.1 Ice Magic
 * Level 3.7 Evocations


You had 4 spell levels left.
You knew the following spells:

 Your Spells              Type           Power      Damage    Failure   Level
a - Corona                Hex            18%        N/A       1%          1
b - Ensorcelled Hibernat  Hex/Ice        20%        N/A       9%          2
c - Confusing Touch       Hex            17%        N/A       6%          3
d - Dazzling Flash        Conj/Hex       20%        N/A       19%         3
t - Tukima's Dance        Hex            17%        N/A       6%          3

Your spell library contained the following spells:

 Spells                   Type           Power      Damage    Failure   Level
 Animate Skeleton         Necr           6%         N/A       19%         1
 Freeze                   Ice            12%        1d4       19%         1
 Pain                     Necr           12%        1d4       19%         1
 Sting                    Tmut/Pois      12%        1d3       19%         1
 Static Discharge         Conj/Air       3%         N/A       28%         2
 Vampiric Draining        Necr           1%         2d6       50%         3
 Lightning Bolt           Conj/Air       1%         1d12      99%         5
 Maxwell's Capacitive Co  Air            1%         ∞         100%        8


Dungeon Overview and Level Annotations

Branches:
Dungeon (6/15)             Temple (1/1) D:5

Altars:
Cheibriados
Dithmenos
Fedhas
Gozag
Hepliaklqana
Kikubaaqudgha
Makhleb
Qazlal
Ru
Sif Muna
Trog
Wu Jian
Yredelemnul
Zin
The Shining One

Shops:
D:6 (


Innate Abilities, Weirdness & Mutations

You are very small and have problems with some larger weapons.
You are too small for most types of armour.
You have supernaturally acute eyesight. (SInv)
You cover ground extremely quickly. (Speed+++)


Message History

You hit the killer bee.
The killer bee is lightly wounded.
The killer bee closely misses you. The killer bee barely misses you.
You hit the killer bee.
The killer bee is moderately wounded.
The killer bee barely misses you.
You hit the killer bee.
The killer bee is heavily wounded.
The killer bee closely misses you.
You hit the killer bee but do no damage.
The killer bee is heavily wounded.
The killer bee misses you.
You closely miss the killer bee.
The killer bee is heavily wounded.
The killer bee misses you. The iguana misses you.
Casting: Dazzling Flash (quite dangerous; 19% risk of failure)
Confirm with . or Enter, or press ? or * to list all spells.
Aiming: Ensorcelled Hibernation (safe; 9% risk of failure)
Press: ? - help, Shift-Dir - straight line, f - iguana
Aim: an iguana (chance to affect: 50%)
The iguana looks drowsy...
The killer bee completely misses you. The killer bee stings you.
* * * LOW HITPOINT WARNING * * *
Unknown command.
You miss the killer bee.
The killer bee is moderately wounded.
The iguana hisses angrily.
The killer bee misses you.
You hit the killer bee but do no damage.
The killer bee is moderately wounded.
The killer bee closely misses you. The iguana misses you.
The killer bee barely misses you.
You closely miss the killer bee.
The killer bee is moderately wounded.
The killer bee completely misses you.
A scorpion comes into view.
You barely miss the killer bee.
The killer bee is moderately wounded.
The killer bee barely misses you. The iguana bites you!
You die...

# .s ########.#
#####........
........y.##.∩.
..$....@l......
..........####.
#####.#..##
#.#... # #....
#l.... ####...
....


You could see a scorpion (wandering), 2 iguanas and a killer bee.

Vanquished Creatures
  An orc warrior (D:4)
  A black bear (D:5)
  A sky beast (D:5)
  A necrophage (D:5)
  2 phantoms
  A scorpion (D:5)
  A wyvern skeleton (D:5)
  2 killer bees (D:5)
  A jelly (D:4)
  2 hounds
  Crazy Yiuf (D:2)
  Natasha (thrice) (D:3)
  An orc wizard (D:4)
  A hound skeleton (D:4)
  A howler monkey zombie (D:5)
  3 gnolls (D:3)
  7 adders
  A white imp (D:5)
  A worm (D:3)
  2 dart slugs (D:2)
  2 orcs
  5 bats
  5 endoplasms
  A giant cockroach (D:1)
  6 goblins
  5 hobgoblins
  9 jackals
  2 quokkas
  5 ball pythons (D:3)
  4 frilled lizards
  7 kobolds
  A quokka skeleton (D:4)
  2 rats (D:1)
88 creatures vanquished.

Vanquished Creatures (collateral kills)
  2 orc priests (D:5)
  A gnoll (D:3)
  4 orcs
7 creatures vanquished.

Vanquished Creatures (others)
  A dancing weapon (D:3)
  2 fungi (D:2)
3 creatures vanquished.

Grand Total: 98 creatures vanquished

Notes
Turn   | Place    | Note
-------+----------+-------------------------------------------
     0 | D:1      | Rickety the Spriggan Enchanter began the quest for the Orb.
     0 | D:1      | Reached XP level 1. HP: 9/9 MP: 5/5
    78 | D:1      | Found a faded altar of an unknown god.
   262 | D:1      | Reached skill level 5 in Stealth
   472 | D:1      | Reached XP level 2. HP: 12/13 MP: 6/6
   475 | D:1      | Learned a level 2 spell: Ensorcelled Hibernation
  1590 | D:2      | Reached XP level 3. HP: 12/16 MP: 1/8
  2038 | D:2      | Reached skill level 6 in Stealth
  2297 | D:2      | Found a runed translucent door.
  2298 | D:2      | Noticed Crazy Yiuf
  2309 | D:2      | Killed Crazy Yiuf
  2310 | D:2      | Reached XP level 4. HP: 12/21 MP: 4/9
  2893 | D:3      | Learned a level 3 spell: Confusing Touch
  2897 | D:3      | Learned a level 3 spell: Tukima's Dance
  2995 | D:3      | Noticed Natasha
  2998 | D:3      | Killed Natasha
  3035 | D:3      | Found a glowing golden altar of the Shining One.
  3154 | D:3      | Reached skill level 7 in Stealth
  3154 | D:3      | Reached XP level 5. HP: 24/24 MP: 7/10
  3396 | D:3      | Noticed Natasha
  3408 | D:3      | Killed Natasha
  3409 | D:3      | Reached skill level 1 in Evocations
  3654 | D:3      | Noticed Natasha
  3657 | D:3      | Killed Natasha
  3658 | D:3      | Reached skill level 1 in Throwing
  3915 | D:4      | Found a stormy altar of Qazlal.
  4031 | D:4      | Reached XP level 6. HP: 25/28 MP: 4/12
  4432 | D:4      | Found a shimmering blue altar of Sif Muna.
  4451 | D:4      | Reached skill level 8 in Stealth
  4451 | D:4      | Reached skill level 5 in Hexes
  4519 | D:4      | Got Sif Muna's Grimoire of the Nocuous Snowflakes
  4524 | D:4      | Found a bloodstained altar of Trog.
  4524 | D:4      | Noticed an orc warrior
  4527 | D:4      | Killed an orc warrior
  4766 | D:4      | Reached XP level 7. HP: 32/32 MP: 8/14
  4934 | D:4      | Found a basalt altar of Yredelemnul.
  5005 | D:5      | Entered Level 5 of the Dungeon
  5284 | D:5      | Reached skill level 9 in Stealth
  5680 | D:5      | Learned a level 3 spell: Dazzling Flash
  5778 | D:5      | Reached skill level 10 in Stealth
  5800 | D:5      | Reached XP level 8. HP: 37/37 MP: 16/16
  5814 | D:5      | Found a staircase to the Ecumenical Temple.
  5827 | Temple   | Entered the Ecumenical Temple
  5893 | Temple   | Became a worshipper of Dithmenos the Shadowed
  6441 | D:5      | Found a burning altar of Makhleb.
  6441 | D:5      | Noticed a green death
  6646 | D:6      | Found Ydwiatz's Weapon Emporium.
  6662 | D:6      | Slain by an iguana

Illustrated notes

Levels and vault maps discovered:
D:1:      dpeg_arrival_erosion, layout_basic, shapermc_ecumenical_altar_venn
D:2:      wander_river, layout_basic, minivault_25, uniq_crazy_yiuf_cottage
D:3:      layout_basic, nicolae_tso_carved_into_rock, uniq_natasha
D:4:      layout_basic, nzn_overflow_gifts_of_might_and_magic, kennysheep_mini,
          nicolae_qazlal_scattered_showers
D:5:      layout_basic, makhleb_altar_promises_db,
          minmay_temple_entry_glassed_door
D:6:      layout_basic, serial_shops, nicolae_shop_stone
Temple:   jpeg_temple_island

Skill      XL: |  1  2  3  4  5  6  7  8 |
---------------+-------------------------+-----
Stealth        | 5 6 7 8 10 | 10.8
Spellcasting   | 3 4 |  4.7
Hexes          | 4 5 |  5.6
Dodging        | 3 4 |  4.0
Evocations     | 2 3 |  3.7
Throwing       | 1 2 |  2.0
Short Blades   | 2 |  2.6
Fighting       | |  0.7
Ice Magic      | |  0.1

Action                   |  1- 3 |  4- 6 |  7- 9 || total
-------------------------+-------+-------+-------++-------
Melee: Dagger            |    83 |   112 |    65 ||   260
Throw: Dart              |       |       |     3 ||     3
 Cast: Corona            |     2 |       |       ||     2
       Ensorcelled Hiber |    18 |    35 |    14 ||    67
       Tukima's Dance    |       |     7 |     4 ||    11
       Confusing Touch   |       |     4 |     5 ||     9
       Dazzling Flash    |       |       |     2 ||     2
  Use: Potion            |       |       |     2 ||     2
 Stab: Sleeping          |    24 |    34 |    10 ||    68
       Confused          |       |     4 |     5 ||     9
       Invisible         |       |       |     1 ||     1
Armor: Robe              |    10 |    13 |     3 ||    26
Dodge: Dodged            |    45 |    83 |    60 ||   188
